 Dungeon Crawl Stone Soup version 0.29.1-15-g9cfb28693d (webtiles) character file.

Game seed: 15633388749032383882

2256 H0rd4k the Trooper (level 9, -12/63 HPs)
             Began as an Octopode Artificer on Mar 27, 2023.
             Was an Initiate of Gozag.
             Engulfed by a cloud of flame (19 damage)
             ... on level 7 of the Dungeon.
             The game lasted 00:07:08 (8139 turns).

H0rd4k the Trooper (Octopode Artificer)             Turns: 8139, Time: 00:07:09

Health: -12/63     AC:  1    Str: 11    XL:     9   Next: 37%
Magic:  0/16       EV: 13    Int: 23    God:    Gozag
Gold:   278        SH:  0    Dex: 13    Spells: 14/17 levels left

rFire   . . .      SeeInvis .   k - +2 dagger (venom)
rCold   . . .      Faith    .   (no shield)
rNeg    . . .      Spirit   +   (helmet restricted)
rPois   .          Reflect  .   p - amulet of guardian spirit
rElec   .          Harm     .   w - +6 ring of intelligence
rCorr   .          Rampage  .   (no ring)
Will    .....                   (no ring)
Stlth   +++.......              (no ring)
HPRegen 0.20/turn               (no ring)
MPRegen 0.15/turn               (no ring)
                                (no ring)
                                (no ring)

@: weak-willed, gold aura, invisible
A: almost no armour, amphibious, 8 rings, camouflage 1, gelatinous body 1,
(nimble swimmer 1), tentacles
a: Renounce Religion, Potion Petition, Call Merchant, Bribe Branch


You were on level 7 of the Dungeon.
You worshipped Gozag.
Gozag was aware of your devotion.
You visited 2 branches of the dungeon, and saw 8 of its levels.

You collected 358 gold pieces.
You paid 80 gold pieces to Gozag.

Inventory:

Hand Weapons
 b - a +2 rapier of holy wrath
 k - a +2 dagger of venom (weapon)
 A - the +0 falchion "Heguf" {flame, rPois}
   (You found it on level 4 of the Dungeon)

   It burns those it strikes, dealing additional fire damage.
   Big, fiery blades are also staple armaments of hydra-hunters.
   rPois:     It protects you from poison.
Missiles
 q - 3 throwing nets
Jewellery
 p - an amulet of guardian spirit (around mantle)
 w - a +6 ring of intelligence (left tentacle)
Wands
 d - a wand of iceblast (5)
Scrolls
 e - a scroll of immolation
 g - 6 scrolls of vulnerability
 i - a scroll of brand weapon
 l - 4 scrolls of identify
 n - a scroll of acquirement {unknown}
 x - a scroll of noise
 y - a scroll of amnesia {unknown}
 B - a scroll of blinking {unknown}
Potions
 a - 2 potions of experience {unknown}
 c - a potion of brilliance {unknown}
 f - 3 potions of mutation
 h - a potion of invisibility
 j - a potion of heal wounds {unknown}
 o - 4 potions of curing {unknown}
 r - a potion of attraction {unknown}
 s - 2 potions of haste {unknown}
 t - 2 potions of might {unknown}
 u - a potion of flight {unknown}
 z - a potion of resistance {unknown}


   Skills:
 + Level 6.7 Fighting
 + Level 5.4 Short Blades
 - Level 2.3 Dodging
 - Level 1.3 Stealth
 + Level 5.8 Unarmed Combat
 * Level 4.9 Spellcasting
 * Level 1.1 Fire Magic
 * Level 1.2 Poison Magic
 - Level 3.2 Evocations


You had 14 spell levels left.
You knew the following spells:

 Your Spells              Type           Power      Damage    Failure   Level
a - Ignite Poison         Fire/Tmut/Pois 9%         N/A       21%         3

Your spell library contained the following spells:

 Spells                   Type           Power      Damage    Failure   Level
 Beastly Appendage        Tmut           10%        N/A       10%         1
 Wereblood                Tmut           5%         N/A       14%         2
 Spider Form              Tmut/Pois      8%         N/A       22%         3
 Mephitic Cloud           Conj/Pois/Air  7%         N/A       24%         3
 Gell's Gravitas          Tloc           5%         N/A       28%         3
 Lesser Beckoning         Tloc           5%         N/A       28%         3
 Ozocubu's Armour         Ice            5%         N/A       28%         3
 Teleport Other           Tloc           5%         N/A       28%         3
 Freezing Cloud           Conj/Ice/Air   2%         6-21      95%         5
 Metabolic Englaciation   Hex/Ice        2%         N/A       95%         5
 Simulacrum               Ice/Necr       Unusable   N/A       N/A         6

Dungeon Overview and Level Annotations

Branches:
Dungeon (7/15)             Temple (1/1) D:4

Altars:
Cheibriados
Dithmenos
Gozag
Makhleb
Nemelex Xobeh
Ru
Uskayaw
Vehumet
Xom
Zin
The Shining One

Annotations:
D:6 exclusions: steam dragon and troll


Innate Abilities, Weirdness & Mutations

You cannot wear most types of armour.
You are amphibious.
You can wear up to eight rings at the same time.
Your skin changes colour to match your surroundings (Stealth+).
Your rubbery body absorbs attacks. (AC +1, EV +1)
((You are camouflaged when in or above water. (Stealth+)))
You have tentacles for arms and can constrict up to eight enemies at once.


Message History

Unknown command.
Saving game... please wait.
Welcome back, H0rd4k the Octopode Artificer.
Gozag says: Greed is good.
Press ? for a list of commands and other information.
What are your orders? t - Shout!
Orders for allies: a - Attack new target. r - Retreat! s - Stop attacking. g - Guard the area. f - Follow me.
Anything else - Cancel.
Retreat in which direction?
Press: ? - help, Dir - move target, f - you Fall back!
The ice beast barely misses you.
Unknown command.
Unknown command.
As you read the scroll of teleportation, it crumbles to dust.
You feel strangely stable. The ice beast misses you.
You hit the ice beast but do no damage.
The ice beast is lightly wounded.
The ice beast closely misses you.
You barely miss the ice beast.
The ice beast is lightly wounded.
The ice beast misses you.
You closely miss the ice beast.
Flame seeps out of the ice beast.
You squeeze the ice beast!
The ice beast is heavily wounded.
You closely miss the ice beast.
You squeeze the ice beast, but do no damage.
The ice beast is heavily wounded.
The ice beast is engulfed in blazing flames.
The ice beast explodes!
The fiery explosion engulfs you!
* * * LOW HITPOINT WARNING * * *
Your Fire Magic skill increases to level 1!
Unknown command.
It was a potion of invisibility.
You fade into invisibility!
You die...
Your body crumbles into a pile of gold.

........### ##..##.....##
.....o..#######..#.....##
$.......#.........#......
##.........#.#....#.......
#$........###..##..#....#.#
$)........###.$.#.##....###
##.........#...§§.......
##............##°####$.
##.............#@#
...........#..####
####........### #........#
#........# #......$##
#..##.### .[# ##


There were no monsters in sight!

Vanquished Creatures
  Sigmund (D:2)
  3 ice beasts
  A sky beast (D:6)
  A black bear (D:6)
  3 ogres (D:6)
  2 centaurs (D:6)
  4 phantoms
  A bullfrog (D:7)
  A gnoll sergeant (D:6)
  A scorpion (D:5)
  A gnoll bouda (D:5)
  6 hounds
  2 orc priests (D:7)
  2 orc wizards
  3 iguanas
  A gnoll (D:5)
  6 adders
  A shadow imp (D:5)
  3 white imps
  3 ufetubi
  5 dart slugs
  12 orcs
  8 endoplasms
  A giant cockroach (D:1)
  5 goblins
  8 hobgoblins
  10 jackals
  6 kobolds
  A quokka (D:3)
  4 ball pythons
  7 bats
  3 frilled lizards
  5 rats
121 creatures vanquished.

Vanquished Creatures (collateral kills)
  An ogre (D:6)
  A jelly (D:6)
  5 gnolls
  2 orcs (D:4)
  A hobgoblin (D:2)
10 creatures vanquished.

Vanquished Creatures (others)
  An ogre (D:6)
  2 gnolls
  A demonic plant (D:2)
4 creatures vanquished.

Grand Total: 135 creatures vanquished

Notes
Turn   | Place    | Note
-------+----------+-------------------------------------------
     0 | D:1      | H0rd4k the Octopode Artificer began the quest for the Orb.
     0 | D:1      | Reached XP level 1. HP: 13/13 MP: 1/1
   436 | D:1      | Reached XP level 2. HP: 18/18 MP: 3/3
   442 | D:1      | Reached skill level 1 in Spellcasting
  1152 | D:1      | Reached skill level 1 in Unarmed Combat
  1152 | D:1      | Reached XP level 3. HP: 24/24 MP: 3/5
  1524 | D:2      | Reached skill level 2 in Fighting
  1984 | D:2      | Reached XP level 4. HP: 18/29 MP: 6/6
  2414 | D:2      | Noticed Sigmund
  2432 | D:2      | Your ally Sigmund died
  2433 | D:2      | Reached skill level 3 in Fighting
  2433 | D:2      | Reached skill level 1 in Short Blades
  2433 | D:2      | Reached XP level 5. HP: 12/36 MP: 6/8
  2433 | D:2      | Reached XP level 6. HP: 14/42 MP: 6/9
  2833 | D:2      | Found a faded altar of an unknown god.
  2833 | D:2      | Noticed an ice devil
  3261 | D:3      | Noticed a +0 falchion
  3261 | D:3      | Noticed a +0 dagger
  3261 | D:3      | Noticed a +0 dagger
  3261 | D:3      | Noticed a +0 spear
  3261 | D:3      | Noticed a +0 spear
  3262 | D:3      | Noticed a +0 short sword
  3262 | D:3      | Noticed a +0 falchion
  3262 | D:3      | Noticed a +0 short sword
  3487 | D:3      | Found a hide-covered altar of Uskayaw.
  4233 | D:4      | You fall into a shaft and drop 2 floors!
  4243 | D:6      | Found the +6 shillelagh "Devastator" {shatter}
  4330 | D:6      | Reached XP level 7. HP: 41/47 MP: 11/11
  4496 | D:6      | Reached skill level 4 in Fighting
  4759 | D:6      | Reached XP level 8. HP: 54/54 MP: 13/13
  4775 | D:6      | Reached skill level 5 in Fighting
  4857 | D:6      | Reached skill level 5 in Unarmed Combat
  5216 | D:6      | Noticed a troll
  5749 | D:5      | Entered Level 5 of the Dungeon
  6076 | D:5      | Reached skill level 6 in Fighting
  6444 | D:5      | Reached XP level 9. HP: 62/62 MP: 15/15
  6729 | D:4      | Identified the +0 falchion "Heguf" {flame, rPois}
  6788 | D:4      | Found a snail-covered altar of Cheibriados.
  6798 | D:4      | Found a sacrificial altar of Ru.
  7088 | D:3      | Learned a level 3 spell: Ignite Poison
  7180 | D:4      | Found a staircase to the Ecumenical Temple.
  7191 | Temple   | Entered the Ecumenical Temple
  7203 | Temple   | Became a worshipper of Gozag Ym Sagoz the Greedy
  7764 | D:7      | Reached skill level 1 in Poison Magic
  8039 | D:7      | Reached skill level 5 in Short Blades
  8102 | D:7      | Noticed a boulder beetle
  8139 | D:7      | Reached skill level 1 in Fire Magic
  8139 | D:7      | Engulfed by a cloud of flame

Illustrated notes

Levels and vault maps discovered:
D:1:      lemuel_arrival_behind_the_door_large, layout_loops_corners,
          amethyst_killhole
D:2:      layout_basic, dreamdust_ecumenical_altar_sealed_demon, st_stairs_10,
          kennysheep_generic_room_4, uniq_sigmund
D:3:      layout_basic, nicolae_uskayaw_en_pointe, minivault_5,
          minmay_fountain_box, minmay_misc_feat_diagonals, minivault_23,
          kennysheep_potato
D:4:      layout_loops_ring, nicolae_overflow_squiral,
          minmay_temple_entry_glass, kennysheep_generic_room_13
D:5:      layout_basic
D:6:      layout_loops_ring, dilly_guarded_unrand_devastator
D:7:      layout_cave_pools, lemuel_tele_altar, wad_rectangle_vault
Temple:   eino_wide_crystal_templ

Skill      XL: |  1  2  3  4  5  6  7  8  9 |
---------------+----------------------------+-----
Spellcasting   | 1 2 3 4 |  4.9
Unarmed Combat | 1 3 4 5 |  5.8
Fighting       | 2 3 4 6 |  6.7
Short Blades   | 1 2 4 5 |  5.4
Poison Magic   | 1 |  1.2
Fire Magic     | 1 |  1.1
Dodging        | |  2.3
Stealth        | |  1.3
Evocations     | |  3.2

Action                   |  1- 3 |  4- 6 |  7- 9 || total
-------------------------+-------+-------+-------++-------
Melee: Unarmed           |    78 |       |       ||    78
       Constrict         |    22 |    17 |    35 ||    74
       Tentacles         |    13 |    19 |    53 ||    85
       Dagger            |    10 |    63 |   211 ||   284
       Punch             |     2 |       |     7 ||     9
Evoke: Wand              |     4 |     7 |    24 ||    35
  Use: Scroll            |       |       |     7 ||     7
       Potion            |       |       |     1 ||     1
 Stab: Sleeping          |    11 |     6 |     7 ||    24
       Distracted        |       |     1 |     2 ||     3
Armor: Skin              |    15 |     4 |     6 ||    25
Dodge: Dodged            |    60 |    33 |   100 ||   193
